AoeStats
← HeroCauldron

Socotra

506158174Analyzed
2v2 RM · 19d ago on Sep 12, 2026· 35m 41s· 4 players
Game mode
Random Map
Map size
Tiny (2 player)
Population
200
Speed
Normal
Resources
Standard
Victory
Conquest
Starting age
Dark Age
Ending age
Imperial Age
RankedLock teamsTeams togetherTeam positionsShared explorationLock speedFull tech treeHidden civsTurbo modeCheats
Victory
Defeat
🇨🇴 Malay · Colombia
739
+13
🇧🇪 Franks · Belgium
681
+15
🇹🇷 Teutons · Türkiye
672
-14
🇹🇷 Sicilians · Türkiye
667
-23
Giibier
8:11 Loom
11:39 Feudal Age
14:28 Town Watch
15:21 Forging
15:17 Scale Barding Armor
24:00 Castle Age
24:10 Light Cavalry
24:52 Husbandry
24:13 Light Cavalry
28:15 Wheelbarrow
29:23 Iron Casting
29:20 Chain Barding Armor
31:47 Scale Mail Armor
32:02 Gold Mining
34:03 Chain Mail Armor
35:22 Gold Shaft Mining
Witen
9:14 Loom
16:25 Feudal Age
31:03 Castle Age
35:05 Squires
HeroCauldron
4:35 Loom
12:37 Feudal Age
13:22 Double-Bit Axe
13:20 Horse Collar
Abdusancak
12:48 Feudal Age
14:20 Double-Bit Axe
14:12 Man-at-Arms
20:41 Loom
23:39 Horse Collar
27:42 Castle Age
27:52 Long Swordsman
28:19 Gambesons
28:34 Squires
28:20 Arson
30:23 Scale Mail Armor
30:35 Forging
31:54 Pikeman
33:31 Wheelbarrow
35:40 Chain Mail Armor
36:00 Iron Casting
Connection lost

Rejoining the realm…

Still unreachable

The connection could not be restored.

Session expired

The server has moved on; the page needs a fresh start.